 Dungeon Crawl Stone Soup version 0.21.1-1-g345015fe64 (webtiles) character file.

2252 NoAnimeNoLife the Spear-Bearer (level 9, -6/61 HPs)
             Began as a Merfolk Skald on July 31, 2018.
             Was a Follower of Yredelemnul.
             Mangled by an orc warrior
             ... wielding a +0 dire flail
              (13 damage)
             ... on level 6 of the Dungeon.
             The game lasted 00:31:34 (12045 turns).

NoAnimeNoLife the Spear-Bearer (Merfolk Skald)     Turns: 12045, Time: 00:31:34

Health: -6/61      AC:  7    Str: 11    XL:     9   Next: 37%
Magic:  8/12       EV: 15    Int: 12    God:    Yredelemnul [*.....]
Gold:   292        SH:  4    Dex: 17    Spells: 4/12 levels left

rFire    . . .     SeeInvis .   a - +1 spear
rCold    . . .     Gourm    .   m - +0 buckler
rNeg     . . .     Faith    .   j - +2 leather armour {MR+}
rPois    .         Spirit   .   h - +1 helmet
rElec    .         Reflect  .   (no cloak)
rCorr    .         Harm     .   (no gloves)
MR       +....                  (no boots)
Stlth    +.........             (no amulet)
HPRegen  0.20/turn              (no ring)
MPRegen  0.13/turn              (no ring)

@: infused (expiring), very slightly contaminated
A: change form in water, swift swim, stealthy swim
a: Animate Remains, Renounce Religion


You were on level 6 of the Dungeon.
You worshipped Yredelemnul.
Yredelemnul was aware of your devotion.
You were not hungry.

You visited 2 branches of the dungeon, and saw 8 of its levels.

You collected 292 gold pieces.

Inventory:

Hand Weapons
 a - a +1 spear (weapon)
Armour
 b - a +0 leather armour
 h - a +1 helmet (worn)
 j - a +2 leather armour of magic resistance (worn)
 m - a +0 buckler (worn)
 q - a +0 scale mail of fire resistance
Jewellery
 i - an uncursed amulet of guardian spirit {unknown}
 u - an uncursed ring of protection from cold
 x - an uncursed ring of protection from magic
Scrolls
 g - a scroll of remove curse
 l - a scroll of enchant armour
 n - a scroll of enchant weapon
 t - a scroll of amnesia
 w - a scroll of immolation
Potions
 e - 2 potions of cancellation {unknown}
 p - a potion of flight
 r - 2 potions of brilliance {unknown}
 s - 3 potions of magic {unknown}
 v - 2 potions of agility {unknown}
 z - a potion of lignification {unknown}
Books
 c - a book of Battle

   Spells                             Type                      Level
   a - Infusion                       Charms                       1
   b - Shroud of Golubria             Charms/Translocation         2
   c - Song of Slaying                Charms                       2
   d - Spectral Weapon                Hexes/Charms                 3
   e - Regeneration                   Charms/Necromancy            3
Comestibles
 d - 4 rations


   Skills:
 - Level 2.1 Fighting
 * Level 13.2 Polearms
 - Level 0.6 Armour
 + Level 7.1 Dodging
 - Level 1.7 Unarmed Combat
 - Level 2.0 Spellcasting
 + Level 6.8 Charms


You had 4 spell levels left.
You knew the following spells:

 Your Spells              Type           Power        Failure   Level  Hunger
a - Infusion              Chrm           ###.         3%          1    ##.....
b - Shroud of Golubria    Chrm/Tloc      #.........   22%         2    ###....
c - Spectral Weapon       Hex/Chrm       #.......     41%         3    ####...
d - Song of Slaying       Chrm           ###.....     5%          2    ###....


Dungeon Overview and Level Annotations

Branches:
Dungeon (7/15)             Temple (1/1) D:5

Altars:
Ashenzari
Cheibriados
Dithmenos
Elyvilon
Gozag
Kikubaaqudgha
Makhleb
Okawaru
Qazlal
Sif Muna
Trog
Uskayaw
Vehumet
Wu Jian
Xom
Yredelemnul
Zin


Message History

Confirm with . or Enter, or press ? or * to list all spells.
You miscast Shroud of Golubria.
You are very lightly contaminated with residual magic.
You feel uncomfortable.
The orc warrior hits you with a dire flail!
* * * LOW HITPOINT WARNING * * *
Okay, then.
You feel better.
The orc warrior hits you with a dire flail.
* * * LOW HITPOINT WARNING * * *
Okay, then.
You feel better. The orc warrior misses you.
The orc wizard mumbles some strange words.
The orc wizard flickers and vanishes!
You closely miss the orc warrior.
The orc warrior is almost dead.
Your magical infusion is running out.
The orc warrior hits you with a dire flail!
You die...
Your body rises from the dead as a mindless zombie.

#.# #.#..... ##### #.#
###.#..... #...# #.#
#.#.#..... ##...#
#.#####.#.#.....
########....###...............
#.................>...........
########....#{...[....#.#.##..
#.####o####............ #.#
#@# ####.#.#.###.
##.####.#######.#.#.###.
#.................._....
##.####.#######.#.#.###.
#........#...#.#.....#.
######.#.#...'.........
#.#.#...#.#.......
######.#.#...#.#.....##
#......................


You could see an orc warrior.

Vanquished Creatures
  Pikel (D:4)
  Grinder (D:5)
  Sigmund (D:3)
  Edmund (D:5)
  2 sky beasts
  A phantom (D:5)
  An ice beast (D:6)
  4 slaves
  2 centaurs (D:5)
  A scorpion (D:4)
  5 crimson imps
  A jelly (D:5)
  2 orc priests (D:6)
  2 hounds (D:6)
  A bullfrog skeleton (D:7)
  2 iguanas
  4 worker ants
  An orc wizard (D:4)
  2 howler monkey skeletons (D:4)
  4 gnolls
  8 adders
  2 oozes
  2 adder skeletons
  A worm (D:2)
  A dart slug (D:1)
  3 leopard geckos
  18 orcs
  A ball python (D:1)
  14 bats
  5 giant cockroaches
  5 goblins
  9 hobgoblins
  4 jackals (D:5)
  3 quokkas
  2 frilled lizards (D:2)
  A jackal skeleton (D:4)
  10 kobolds
  A leopard gecko skeleton (D:6)
  A quokka zombie (D:6)
  13 rats
143 creatures vanquished.

Notes
Turn   | Place    | Note
-------+----------+-------------------------------------------
     0 | D:1      | NoAnimeNoLife the Merfolk Skald began the quest for the Orb.
     0 | D:1      | Reached XP level 1. HP: 16/16 MP: 3/3
   504 | D:1      | Reached XP level 2. HP: 20/22 MP: 5/5
   508 | D:1      | Learned a level 2 spell: Shroud of Golubria
   661 | D:1      | Reached XP level 3. HP: 9/27 MP: 0/6
   664 | D:1      | Reached skill level 1 in Unarmed Combat
   978 | D:1      | Reached skill level 4 in Polearms
  1451 | D:2      | Reached XP level 4. HP: 19/33 MP: 0/7
  1457 | D:2      | Reached skill level 5 in Polearms
  2668 | D:2      | Learned a level 3 spell: Spectral Weapon
  3144 | D:3      | Reached skill level 6 in Polearms
  3414 | D:3      | Noticed Sigmund
  3752 | D:3      | Reached XP level 5. HP: 31/38 MP: 5/8
  4677 | D:4      | Reached skill level 7 in Polearms
  5183 | D:4      | Learned a level 2 spell: Song of Slaying
  5238 | D:4      | Reached skill level 8 in Polearms
  5238 | D:4      | Reached XP level 6. HP: 32/44 MP: 3/9
  6461 | D:5      | Entered Level 5 of the Dungeon
  6461 | D:5      | Noticed a phantom
  6592 | D:5      | Killed a phantom
  6592 | D:5      | Reached skill level 9 in Polearms
  6789 | D:5      | Noticed Pikel
  6789 | D:5      | Noticed a slave
  6789 | D:5      | Noticed a slave
  6789 | D:5      | Noticed a slave
  6789 | D:5      | Noticed a slave
  6803 | D:5      | Killed a slave
  6838 | D:4      | Killed a slave
  6993 | D:5      | Reached XP level 7. HP: 32/50 MP: 3/10
  7162 | D:5      | Noticed Edmund
  7605 | D:4      | Killed Pikel
  7605 | D:4      | Reached skill level 10 in Polearms
  7605 | D:4      | Reached skill level 5 in Charms
  7605 | D:4      | Reached XP level 8. HP: 22/56 MP: 2/11
  7871 | D:4      | Reached skill level 11 in Polearms
  8197 | D:5      | Reached skill level 5 in Dodging
  8332 | D:5      | Found a staircase to the Ecumenical Temple.
  8341 | Temple   | Entered the Ecumenical Temple
  8651 | Temple   | Became a worshipper of Yredelemnul the Dark
  8947 | D:5      | Killed Edmund
  9292 | D:5      | Noticed Grinder
  9441 | D:5      | Paralysed by Grinder for 2 turns
  9448 | D:5      | Paralysed by Grinder for 3 turns
  9452 | D:5      | Killed Grinder
  9452 | D:5      | Reached skill level 12 in Polearms
  9609 | D:6      | Reached XP level 9. HP: 55/61 MP: 2/12
 10066 | D:6      | Found an ancient bone altar of Kikubaaqudgha.
 10716 | D:3      | Killed Sigmund
 10716 | D:3      | Reached skill level 13 in Polearms
 10829 | D:3      | Reached * piety under Yredelemnul
 12032 | D:6      | HP: 2/61 [orc warrior/dire flail (21)]
 12042 | D:6      | HP: 3/61 [orc warrior/dire flail (13)]
 12045 | D:6      | Mangled by an orc warrior

Skill      XL: |  1  2  3  4  5  6  7  8  9 |
---------------+----------------------------+-----
Unarmed Combat | 1 |  1.7
Polearms       | 4 6 8 9 10 12 13 | 13.2
Dodging        | 3 4 6 7 |  7.1
Charms         | 4 5 6 |  6.8
Fighting       | |  2.1
Armour         | |  0.6
Spellcasting   | |  2.0

Action                   |  1- 3 |  4- 6 |  7- 9 || total
-------------------------+-------+-------+-------++-------
Melee: Spear             |   124 |   351 |   371 ||   846
 Cast: Infusion          |     9 |    15 |    21 ||    45
       Shroud of Golubri |     5 |    13 |    11 ||    29
       Spectral Weapon   |       |     1 |     4 ||     5
       Song of Slaying   |       |       |     1 ||     1
  Use: Potion            |       |     2 |     7 ||     9
       Scroll            |       |    13 |     3 ||    16
 Stab: Sleeping          |       |     1 |       ||     1
       Distracted        |       |       |     1 ||     1
  Eat: Ration            |     1 |     5 |     3 ||     9
       Chunk             |       |     6 |     4 ||    10
Armor: Leather armour    |    63 |    50 |    50 ||   163
Dodge: Dodged            |   116 |   166 |   144 ||   426
Block: Buckler           |     1 |    31 |    38 ||    70
